 Dungeon Crawl Stone Soup version 0.27-a0-1147-gb3d8e82157 (webtiles) character file.

Game seed: 2618530271586472430

516 robertstho the Magician (level 7, 0/45 HPs)
             Began as a Djinni Fire Elementalist on May 11, 2021.
             Was an Initiate of Makhleb.
             Slain by a wraith (10 damage)
             ... on level 5 of the Dungeon.
             The game lasted 00:04:36 (5085 turns).

robertstho the Magician (Djinni Fire Elementalist)  Turns: 5085, Time: 00:04:37

Health: 0/45       AC:  3    Str:  7    XL:     7   Next: 20%
Gold:   325        EV: 13    Int: 18    God:    Makhleb [......] SH:  0 Dex: 14

rFire    + + .     SeeInvis .   h - +0 dagger (speed)
rCold    x . .     Faith    .   (no shield)
rNeg     . . .     Spirit   .   a - +0 robe
rPois    ∞         Reflect  .   (no helmet)
rElec    .         Harm     .   f - +0 cloak
rCorr    .         Rampage  .   (no gloves)
Will     .....                  (boots unavailable)
Stlth    ++........             (no amulet)
HPRegen  0.15/turn              (no ring)
MPRegen  0.00/turn              (no ring)

@: flying, very slightly contaminated
A: sickness immunity, fire resistance 2, cold vulnerability 1, float, innate
caster, hp casting, extra vitality 1
a: Renounce Religion


You were on level 5 of the Dungeon.
You worshipped Makhleb.
Makhleb was noncommittal.
You visited 2 branches of the dungeon, and saw 6 of its levels.

You collected 325 gold pieces.

Inventory:

Hand Weapons
 b - a +0 dagger
 h - a +0 dagger of speed (weapon)
Armour
 a - a +0 robe (worn)
 f - a +0 cloak (worn)
Jewellery
 p - a ring of poison resistance
Scrolls
 e - a scroll of enchant weapon {unknown}
 g - a scroll of blinking {unknown}
 i - a scroll of torment
 l - 3 scrolls of teleportation {unknown}
 s - a scroll of magic mapping {unknown}
Potions
 c - a potion of haste
 d - 2 potions of brilliance {unknown}
 j - a potion of attraction {unknown}
 k - a potion of flight {unknown}
 m - a potion of degeneration {unknown}
 n - a potion of lignification {unknown}
 o - a potion of cancellation
 q - a potion of might {unknown}
 r - a potion of ambrosia {unknown}
 t - 2 potions of heal wounds {unknown}


   Skills:
 + Level 3.0 Dodging
 + Level 2.4 Stealth
 + Level 6.1 Spellcasting
 * Level 1.0 Invocations


You couldn't memorise any spells.
You knew the following spells:

 Your Spells              Type           Power      Damage    Failure   Level
a - Foxfire               Conj/Fire      100%       2x1d9     1%          1
b - Conjure Flame         Conj/Fire      27%        6-21      2%          3
c - Inner Flame           Hex/Fire       27%        N/A       2%          3
d - Sticky Flame          Conj/Fire      27%        2d5       10%         4
e - Fireball              Conj/Fire      13%        3d7       26%         5
f - Summon Small Mammal   Summ           100%       N/A       1%          1
g - Call Imp              Summ           27%        N/A       1%          2
h - Slow                  Hex            27%        N/A       1%          2
Your spell library was empty.

Dungeon Overview and Level Annotations

Branches:
Dungeon (5/15)             Temple (1/1) D:4

Altars:
Fedhas
Gozag
Kikubaaqudgha
Makhleb
Nemelex Xobeh
Qazlal

Shops:
D:1 [

Annotations:
D:4 1 runed translucent door, siradein's ghost, novice HOFi


Innate Abilities, Weirdness & Mutations

You are immune to sickness and miasma.
You are immune to poison.
Your flesh is very heat resistant. (rF++)
You are vulnerable to cold. (rC-)
You float through the air rather than walking.
You learn spells naturally, not from books.
Your magical power is your life essence.
You have superior vitality. (+4 HP)


Message History

Confirm with . or Enter, or press ? or * to list all spells.
The spell is quite dangerous to cast (10% risk of failure)!
Continue anyway?
Aiming: Sticky Flame (quite dangerous; 10% risk of failure)
Press: ? - help, Shift-Dir - straight line, f/p - wraith
Aim: a wraith (moderately damaged, 100% to hit)
The sticky flame hits the wraith!
The wraith is heavily damaged.
The wraith closely misses you.
Casting: Sticky Flame (quite dangerous; 10% risk of failure)
Confirm with . or Enter, or press ? or * to list all spells.
The spell is quite dangerous to cast (10% risk of failure)!
Continue anyway?
Aiming: Sticky Flame (quite dangerous; 10% risk of failure)
Press: ? - help, Shift-Dir - straight line, f/p - wraith
Aim: a wraith (heavily damaged, 100% to hit)
The sticky flame hits the wraith but does no damage.
The wraith is heavily damaged.
The wraith hits you!
Unknown command.
Casting: Sticky Flame (quite dangerous; 10% risk of failure)
Confirm with . or Enter, or press ? or * to list all spells.
The spell is quite dangerous to cast (10% risk of failure)!
Continue anyway?
Aiming: Sticky Flame (quite dangerous; 10% risk of failure)
Press: ? - help, Shift-Dir - straight line, f/p - wraith
Aim: a wraith (heavily damaged, 100% to hit)
The sticky flame hits the wraith.
The wraith is heavily damaged.
The wraith misses you.
Unknown command.
Unknown command.
Casting: Sticky Flame (quite dangerous; 10% risk of failure)
Confirm with . or Enter, or press ? or * to list all spells.
The spell is quite dangerous to cast (10% risk of failure)!
Continue anyway?
Aiming: Sticky Flame (quite dangerous; 10% risk of failure)
Press: ? - help, Shift-Dir - straight line, f/p - wraith
Aim: a wraith (heavily damaged, 100% to hit)
The sticky flame hits the wraith but does no damage.
The wraith is heavily damaged.
* * * LOW HITPOINT WARNING * * *
The wraith hits you!
You die...

#.#.##.##......§##.#
#..#.#.###.....###.##
#.###..# #....)#....
#..#.#.# #.....#.#.#
#.#.##.# #...[.#.#[#
#...)..# #.....#...
###.#### #######..#
#.# #..###.# #.#
#@W....# ###.### ###
##.##### ......###.##
#.# .##.#.##.#.## #.#
#.#.#.###.#####.#
#......#........#
###.###.######### #.#
### ..#


You could see a wraith.

Vanquished Creatures
  Sigmund (D:2)
  An ice beast (D:5)
  An ogre (D:4)
  A bullfrog zombie (D:5)
  4 gnolls (D:3)
  2 adders (D:2)
  An ufetubus (D:5)
  3 worms
  5 dart slugs
  An orc (D:4)
  6 bats
  2 endoplasms
  A giant cockroach (D:4)
  6 goblins
  11 hobgoblins
  7 jackals
  A quokka (D:2)
  6 ball pythons
  2 frilled lizards (D:1)
  7 kobolds
  5 rats
74 creatures vanquished.

Vanquished Creatures (others)
  338 foxfires
338 creatures vanquished.

Grand Total: 412 creatures vanquished

Notes
Turn   | Place    | Note
-------+----------+-------------------------------------------
     0 | D:1      | robertstho the Djinni Fire Elementalist began the quest for
                  | the Orb.
     0 | D:1      | Reached XP level 1. HP: 15/15 MP: 0/0
   246 | D:1      | Found Sethrakod's Antique Armour Emporium.
   483 | D:1      | Found a faded altar of an unknown god.
   728 | D:1      | Reached skill level 3 in Spellcasting
   728 | D:1      | Reached XP level 2. HP: 20/21 MP: 0/0
  1489 | D:2      | Reached XP level 3. HP: 24/25 MP: 0/0
  1489 | D:2      | Learned a level 1 spell: Summon Small Mammal
  1528 | D:2      | Noticed Sigmund
  1537 | D:2      | Killed Sigmund
  1538 | D:2      | Reached skill level 4 in Spellcasting
  1538 | D:2      | Reached XP level 4. HP: 21/31 MP: 0/0
  1538 | D:2      | Reached XP level 5. HP: 24/35 MP: 0/0
  1538 | D:2      | Learned a level 2 spell: Call Imp
  2041 | D:2      | Reached skill level 5 in Spellcasting
  2255 | D:2      | Reached XP level 6. HP: 30/40 MP: 0/0
  3875 | D:4      | Found a runed translucent door.
  3875 | D:4      | Noticed siradein's ghost (novice HOFi)
  4012 | D:4      | Found an opulent altar of Gozag.
  4040 | D:4      | Found a staircase to the Ecumenical Temple.
  4095 | Temple   | Entered the Ecumenical Temple
  4101 | Temple   | Became a worshipper of Makhleb the Destroyer
  4559 | D:4      | Found a stormy altar of Qazlal.
  4709 | D:5      | Entered Level 5 of the Dungeon
  4839 | D:5      | Noticed an ice beast
  4844 | D:5      | Killed an ice beast
  4845 | D:5      | Reached skill level 6 in Spellcasting
  4845 | D:5      | Reached skill level 1 in Invocations
  4845 | D:5      | Reached XP level 7. HP: 38/45 MP: 0/0
  4845 | D:5      | Learned a level 2 spell: Slow
  5076 | D:5      | Noticed a wraith
  5085 | D:5      | Slain by a wraith

Illustrated notes

Levels and vault maps discovered:
D:1:      elethiomel_arrival_maze, layout_basic,
          hellmonk_ecumenical_altar_prayer_group, serial_shops, shop,
          wander_ebering_terrifying_dragon_lair
D:2:      layout_rooms, basic_altar, uniq_sigmund
D:3:      layout_loops_cross, minmay_statues_item,
          hangedman_abyss_or_decor_lesser_grid
D:4:      layout_basic, grunt_gozag_statues, nicolae_qazlal_scattered_showers,
          minmay_temple_entry_butterflies, hellmonk_ghost_happy_afterlife,
          palyth_stone_intersect
D:5:      layout_loops_cross, ebering_ghost_reflecting_pool,
          uniq_prince_ribbit1, uniq_eustachio
Temple:   eino_wide_crystal_templ

Skill      XL: |  1  2  3  4  5  6 |
---------------+-------------------+-----
Spellcasting   | 3 4 5 6 |  6.1
Stealth        | 2 |  2.4
Dodging        | 3 |  3.0
Invocations    | 1 |  1.0

Action                   |  1- 3 |  4- 6 |  7- 9 || total
-------------------------+-------+-------+-------++-------
 Cast: Foxfire           |    58 |   140 |    18 ||   216
       Sticky Flame      |       |     1 |     4 ||     5
  Use: Scroll            |       |     3 |       ||     3
Armor: Robe              |     2 |     2 |       ||     4
Dodge: Dodged            |     8 |    10 |     3 ||    21

Table legend: (Time is in decaauts)
 A = Elapsed time spent in this place.
 B = Non-inter-level travel time spent in this place.
 C = Inter-level travel time spent in this place.
 D = Time resting spent in this place.
 E = Time spent auto-exploring this place.
 F = Levels seen in this place.
 G = Mean time per level.
                   A        B        C        D        E       F      G
               +--------+--------+--------+--------+--------+-----+--------+
         Total |   5083 |   5001 |     82 |      0 |   4482 |   6 |  847.2 |
       Dungeon |   5070 |   4995 |     75 |      0 |   4480 |   5 | 1014.0 |
        Temple |     12 |      6 |      6 |      0 |      2 |   1 |   12.0 |
               +--------+--------+--------+--------+--------+-----+--------+

Top non-repeatable levels by time:
     D:1: 1263 daAuts
     D:2: 1215 daAuts
     D:3: 1179 daAuts
     D:4: 1036 daAuts
     D:5: 375 daAuts
  Temple: 12 daAuts
